 Dungeon Crawl Stone Soup version 0.19-a0-742-g4563caa (console) character file.

62 lauthentik the Sneak (level 3, 0/27 HPs)
             Began as a Vampire Assassin on June 23, 2016.
             Was an Initiate of Ashenzari.
             Slain by an adder (2 damage)
             ... on level 3 of the Dungeon.
             The game lasted 00:06:04 (1623 turns).

lauthentik the Sneak (Vampire Assassin)             Turns: 1623, Time: 00:06:04

Health: 0/27       AC:  5    Str: 10    XL:     3   Next: 85%
Magic:  1/1        EV: 13    Int: 14    God:    Ashenzari [......]
Gold:   88         SH:  0    Dex: 15    Spells: 0 memorised, 2 levels left

rFire  + . .     SeeInvis +     v - +1 dagger (antimagic)
rCold  + . .     Gourm    .     n - +2 robe {Archmagi}
rNeg   + + .     Faith    .     (no shield)
rPois  +         Spirit   .     (no helmet)
rElec  .         Dismiss  .     d - +0 cloak
rCorr  .         Reflect  .     (no gloves)
SustAt .         Harm     .     (no boots)
MR     .....                    (no amulet)
Stlth  ++++......               (no ring)
                                i - ring of protection from fire

@: lethally poisoned (0 -> -3), regenerating slowly, not resistant to hostile
enchantments, stealthy
A: fangs 3, see invisible, unbreathing
a: Bat Form, Curse Item, Renounce Religion


You were on level 3 of the Dungeon.
You worshipped Ashenzari.
Ashenzari was noncommittal.
You were very thirsty.

You visited 1 branch of the dungeon, and saw 3 of its levels.

You collected 88 gold pieces.

Inventory:

Hand Weapons
 a - a +2 dagger
 b - a +0 blowgun
 v - a +1 antimagic dagger (weapon)
Missiles
 e - 32 poisoned needles
 f - 2 curare-tipped needles
Armour
 c - a +0 robe
 d - a +0 cloak (worn)
 j - a +0 robe
 n - a +2 robe of the Archmagi (worn)
Jewellery
 i - a ring of protection from fire (left hand)
Scrolls
 h - 2 scrolls of enchant weapon {unknown}
 l - 2 scrolls of teleportation {unknown}
 o - 2 scrolls of identify {unknown}
 q - a scroll of magic mapping {unknown}
 r - a scroll of enchant armour {unknown}
Potions
 g - 2 potions of blood
 k - 3 potions of lignification {unknown}
 m - 3 potions of agility {unknown}
 p - a potion of curing {unknown}
 s - 2 potions of heal wounds {unknown}
 t - a potion of cancellation {unknown}
 u - a potion of invisibility {unknown}


   Skills:
 + Level 2.0 Fighting
 + Level 2.7 Short Blades
 + Level 1.6 Throwing
 + Level 2.1 Dodging
 + Level 7.1 Stealth


You had 2 spell levels left.
You didn't know any spells.

Dungeon Overview and Level Annotations

Branches:
Dungeon (3/15)

Altars:
Ashenzari
Vehumet


Innate Abilities, Weirdness & Mutations

You heal slowly.
You have razor-sharp teeth.
You have supernaturally acute eyesight. (SInv)
You can survive without breathing.


Message History

You feel sick. The adder misses you.
You feel sick.
You hit the adder.
The adder is moderately wounded.
The adder barely misses you.
You hit the adder.
The adder is heavily wounded.
The adder bites you but does no damage. x2
You hit the adder.
The adder is almost dead.
The adder bites you.
* * * LOW HITPOINT WARNING * * *
You hit the adder but do no damage.
The adder is almost dead.
The adder barely misses you.
You miss the adder.
The adder is almost dead.
* * * LOW HITPOINT WARNING * * *
You feel sick. The adder bites you.
You die...

#..................
#..................
.............##.....
#...(..#...#### ....
.....#.#.#.#####.....
.........hg...... ..
.#.#<..#S#####.[ .
#.#.#S# .#. # # #@#
... #.# ##. #.# #.#
#. #.# # #.# #.. #..


You could see 2 adders, a jackal and a goblin.

Vanquished Creatures
  An adder (D:2)
  A worm (D:2)
  A dart slug (D:2)
  A giant gecko (D:2)
  5 giant cockroaches
  8 goblins
  6 hobgoblins
  2 jackals (D:3)
  4 kobolds (D:2)
  A ball python (D:1)
  6 bats
  A giant newt (D:2)
  5 rats
42 creatures vanquished.

Notes
Turn   | Place    | Note
--------------------------------------------------------------
     0 | D:1      | lauthentik the Vampire Assassin began the quest for the Orb.
     0 | D:1      | Reached XP level 1. HP: 16/16 MP: 1/1
   127 | D:1      | Reached skill level 6 in Stealth
   274 | D:1      | Reached XP level 2. HP: 18/22 MP: 2/2
   844 | D:2      | Reached XP level 3. HP: 22/27 MP: 3/3
   910 | D:2      | Found a radiant altar of Vehumet.
   937 | D:2      | Reached skill level 7 in Stealth
   939 | D:2      | Found a shattered altar of Ashenzari.
  1015 | D:2      | Became a worshipper of Ashenzari the Shackled
  1623 | D:3      | Slain by an adder

Vault maps used:
D:1:      nagdon_arrival_double_spiral, grunt_decor_resistance,
          minmay_misc_feat_rows
D:2:      grunt_temple_overflow_open
D:3:      trog_butcher_becter

Skill      XL: |  1  2  3 |
---------------+----------+-----
Stealth        | 6 7 |  7.1
Fighting       | 2 |  2.0
Dodging        | 2 |  2.1
Short Blades   | |  2.7
Throwing       | |  1.6

Action                   || total
-------------------------++-------
Melee: Dagger            ||   116
       Bite              ||     9
 Stab: Sleeping          ||    15
       Distracted        ||     2
Armor: Robe              ||    43
Dodge: Dodged            ||   108
